 Dungeon Crawl Stone Soup version 0.25.0-1-g7eea58d (webtiles) character file.

Game seed: 17291562595118085454

1287 lyrin the Reanimator (level 8, 0/44 HPs)
             Began as a Kobold Necromancer on June 27, 2020.
             Was a Believer of Dithmenos.
             Slain by an orc warrior
             ... wielding a +0 long sword
              (16 damage)
             ... on level 7 of the Dungeon.
             The game lasted 00:11:44 (8704 turns).

lyrin the Reanimator (Kobold Necromancer)           Turns: 8704, Time: 00:11:44

Health: 0/44       AC:  2    Str: 10    XL:     8   Next: 85%
Magic:  20/22      EV: 16    Int: 16    God:    Dithmenos [**....]
Gold:   318        SH:  5    Dex: 15    Spells: 12/13 levels left

rFire    . . .     SeeInvis .   s - +0 flail (holy)
rCold    . . .     Gourm    .   (shield restricted)
rNeg     . . .     Faith    .   a - +0 robe
rPois    .         Spirit   .   (no helmet)
rElec    .         Reflect  +   (no cloak)
rCorr    .         Harm     .   (no gloves)
MR       .....                  (no boots)
Stlth    +++.......             b - amulet of reflection
HPRegen  0.14/turn              l - ring of magical power
MPRegen  0.18/turn              (no ring)

@: flying, very slightly contaminated, wreathed by umbra
A: small, blurry vision 1, carnivore, high mp 1, strong 1
a: Shadow Step, Renounce Religion


You were on level 7 of the Dungeon.
You worshipped Dithmenos.
Dithmenos was pleased with you.
You were not hungry.

You visited 1 branch of the dungeon, and saw 8 of its levels.

You collected 318 gold pieces.

Inventory:

Hand Weapons
 f - a +0 dagger
 s - a +0 flail of holy wrath (weapon)
Armour
 a - a +0 robe (worn)
 o - a cursed +0 kite shield
Jewellery
 b - an amulet of reflection (around neck)
 l - a ring of magical power (left hand)
Scrolls
 e - 3 scrolls of teleportation {unknown}
 g - 4 scrolls of remove curse {unknown}
 h - 3 scrolls of noise {unknown}
 k - 6 scrolls of identify {unknown}
 r - a scroll of immolation {unknown}
Potions
 d - 2 potions of mutation
 i - a potion of heal wounds {unknown}
 j - a potion of stabbing {unknown}
 m - a potion of flight
 n - a potion of lignification {unknown}
 p - a potion of berserk rage {unknown}
 q - a potion of resistance {unknown}
Comestibles
 c - 10 rations


   Skills:
 + Level 2.1 Fighting
 * Level 5.5 Short Blades
 + Level 1.4 Maces & Flails
 + Level 3.9 Dodging
 - Level 2.8 Stealth
 + Level 0.9 Shields
 - Level 3.0 Spellcasting
 + Level 8.7 Necromancy


You had 12 spell levels left.
You knew the following spells:

 Your Spells              Type           Power        Failure   Level  Hunger
a - Pain                  Necr           ####         1%          1    #......

Your spell library contained the following spells:

 Spells                   Type           Power        Failure   Level  Hunger
 Animate Skeleton         Necr           N/A          1%          1    #......
 Vampiric Draining        Necr           ####......   1%          3    ###....
 Animate Dead             Necr           N/A          5%          4    #####..
 Agony                    Necr           ####....     14%         5    ######.
 Beastly Appendage        Tmut           #.....       19%         1    #......
 Sticks to Snakes         Tmut           #.......     28%         2    ##.....
 Spider Form              Tmut/Pois      #.........   50%         3    ###....
 Ice Form                 Ice/Tmut       #.......     88%         4    #####..
 Blade Hands              Tmut           #.........   99%         5    ######.


Dungeon Overview and Level Annotations

Branches:
Dungeon (8/15)             Temple (0/1) D:4
   Lair: D:8-11

Altars:
Dithmenos
Makhleb
Okawaru
Qazlal
Trog

Shops:
D:6 }

Annotations:
D:8 Gastronok


Innate Abilities, Weirdness & Mutations

You are small and have problems with some larger weapons.
You are carnivorous and can eat meat at any time.
Scrolls take you a little longer to read.
You have an increased reservoir of magic. (+10% MP)
Your muscles are strong. (Str +2)


Message History

Casting: Pain (safe; 1% risk of failure)
Confirm with . or Enter, or press ? or * to list all spells.
Aiming: Pain (safe; 1% risk of failure)
Press: ? - help, Shift-Dir - straight line, f/p - orc warrior
Aim: an orc warrior, wielding a +0 long sword and wearing a +0 plate armour (severely wounded, umbra, chance to defeat MR: 84%)
You miscast Pain.
You are very lightly contaminated with residual magic.
Nothing appears to happen.
The orc warrior hits you with a +0 long sword.
* * * LOW HITPOINT WARNING * * *
Found a scroll labeled UNWOILUGOG. 2 slaves come into view.
Found a scroll labeled QONOMA UMPOSAL.
Okay, then.
Found a ration.
It was a potion of flight.
You feel very buoyant.
You fly up into the air.
The orc warrior hits you with a +0 long sword!
You die...

... #.##### #..... ..%.
#...# ...... #...##
?..... #....### ......
#......## ......
####o..##..##......
#.@oZo.............
.......#####...>........
....#####...#...........
... ##.........##..... .
#...........# .?..
#......>....# #.p
#...........# .
.##.........## .
............# .# .#


You could see an orc warrior, 2 orcs and a howler monkey skeleton.

Vanquished Creatures
  A hippogriff (D:8)
  A hungry ghost (D:7)
  3 ogres
  2 centaurs (D:6)
  A scorpion (D:5)
  A howler monkey (D:4)
  2 crimson imps (D:6)
  3 hounds
  An iguana (D:5)
  A bullfrog skeleton (D:7)
  A centaur skeleton (D:4)
  2 worker ants
  3 gnolls (D:5)
  5 adders
  A shadow imp (D:5)
  An ooze (D:1)
  An adder skeleton (D:7)
  5 worms
  2 dart slugs
  3 leopard geckos
  10 orcs
  4 giant cockroaches (D:1)
  4 goblins
  8 hobgoblins
  9 jackals
  5 kobolds (D:1)
  5 quokkas
  A ball python zombie (D:5)
  6 bats
  5 frilled lizards
  7 rats
104 creatures vanquished.

Notes
Turn   | Place    | Note
-------+----------+-------------------------------------------
     0 | D:1      | lyrin the Kobold Necromancer began the quest for the Orb.
     0 | D:1      | Reached XP level 1. HP: 10/10 MP: 3/3
   445 | D:1      | Reached XP level 2. HP: 11/15 MP: 1/5
  1191 | D:1      | Reached XP level 3. HP: 16/19 MP: 3/6
  2141 | D:1      | Reached XP level 4. HP: 7/24 MP: 0/8
  2714 | D:2      | Found a faded altar of an unknown god.
  2733 | D:2      | Became a worshipper of Dithmenos the Shadowed
  2733 | D:2      | Reached * piety under Dithmenos
  2757 | D:2      | Reached skill level 1 in Short Blades
  2757 | D:2      | Reached skill level 5 in Necromancy
  3072 | D:2      | Found a stormy altar of Qazlal.
  3170 | D:2      | Reached XP level 5. HP: 25/28 MP: 9/9
  4527 | D:4      | Reached XP level 6. HP: 29/32 MP: 10/10
  4707 | D:4      | Reached ** piety under Dithmenos
  4910 | D:4      | Reached skill level 6 in Necromancy
  5138 | D:4      | Noticed an ogre
  5191 | D:4      | Killed an ogre
  5591 | D:4      | Found a staircase to the Ecumenical Temple.
  5707 | D:5      | Entered Level 5 of the Dungeon
  5709 | D:5      | Found a burning altar of Makhleb.
  5719 | D:5      | Found a bloodstained altar of Trog.
  5720 | D:5      | Found an iron altar of Okawaru.
  5852 | D:5      | Noticed an ogre
  5871 | D:5      | HP: 1/33 [scorpion (10)]
  5873 | D:5      | Reached XP level 7. HP: 13/37 MP: 11/11
  6136 | D:4      | Reached skill level 7 in Necromancy
  6297 | D:5      | Reached skill level 1 in Fighting
  7138 | D:5      | Reached XP level 8. HP: 35/43 MP: 12/12
  7584 | D:6      | Found Qillu's Gadget Shop.
  7709 | D:6      | Reached skill level 8 in Necromancy
  8074 | D:6      | You fall into a shaft and drop 2 floors!
  8075 | D:8      | Noticed a hippogriff
  8082 | D:8      | Killed a hippogriff
  8082 | D:8      | Reached skill level 5 in Short Blades
  8132 | D:8      | Noticed a two-headed ogre
  8291 | D:8      | Noticed a six-headed hydra
  8296 | D:8      | Noticed Gastronok
  8331 | D:7      | Reached skill level 1 in Maces & Flails
  8340 | D:7      | HP: 2/44 [bullfrog skeleton (3)]
  8341 | D:7      | Gained mutation: Scrolls take you a little longer to read.
                  | [potion of mutation]
  8341 | D:7      | Gained mutation: Your muscles are strong. (Str +2) [potion
                  | of mutation]
  8341 | D:7      | Gained mutation: You have an increased reservoir of magic.
                  | (+10% MP) [potion of mutation]
  8704 | D:7      | Slain by an orc warrior

Illustrated notes

Levels and vault maps discovered:
D:1:      kilobyte_arrival_exit_the_forest, layout_loops_cross
D:2:      layout_loops_cross, lemuel_doored_altar,
          chequers_ecumenical_altar_twisty
D:3:      layout_rooms
D:4:      layout_loops_corners, temple_green, serial_rivers,
          chequers_serial_rivers_micro_b, chequers_serial_rivers_micro_d,
          chequers_serial_rivers_micro_c, chequers_serial_rivers_small_b,
          chequers_serial_rivers_micro_d, chequers_serial_rivers_micro_a,
          first_ration
D:5:      layout_cave_pools, grunt_temple_overflow_bloody_war, bloody_makhleb
D:6:      layout_gridville, serial_shops, shop, portal_sewer_entry_d
D:7:      layout_rooms, uniq_harold, uniq_pikel
D:8:      layout_cave_pools, grunt_pizzeria, minmay_misc_feat_pillars,
          kennysheep_pointless_box, skrybe_limestone_x, uniq_maurice,
          uniq_gastronok

Skill      XL: |  1  2  3  4  5  6  7  8 |
---------------+-------------------------+-----
Spellcasting   | 3 |  3.0
Short Blades   | 1 2 3 4 5 |  5.5
Necromancy     | 5 6 7 8 |  8.7
Fighting       | 1 2 |  2.1
Dodging        | 3 |  3.9
Maces & Flails | 1 |  1.4
Stealth        | |  2.8
Shields        | |  0.9

Action                   |  1- 3 |  4- 6 |  7- 9 || total
-------------------------+-------+-------+-------++-------
Melee: Club              |     5 |       |       ||     5
       Unarmed           |     2 |       |       ||     2
       Dagger            |     2 |    30 |     8 ||    40
       Flail             |       |       |    85 ||    85
 Cast: Pain              |    65 |   125 |    80 ||   270
  Use: Potion            |       |     2 |     2 ||     4
 Stab: Sleeping          |       |     1 |     1 ||     2
  Eat: Chunk             |    13 |    11 |     8 ||    32
       Ration            |       |       |     2 ||     2
Armor: Robe              |    14 |     2 |     8 ||    24
Dodge: Dodged            |    37 |    56 |   114 ||   207
Block: Other             |       |       |    29 ||    29
       Reflection        |       |       |     3 ||     3
